 Dungeon Crawl Stone Soup version 0.26.1-11-gd32895ea62 (webtiles) character file.

Game seed: 8852212544746370432

86 dtburroughs the Chopper (level 4, -2/41 HPs)
             Began as a Minotaur Berserker on May 14, 2021.
             Was a Believer of Trog.
             Slain by Crazy Yiuf
             ... wielding a +4 quarterstaff of chaos
              (17 damage)
             ... on level 3 of the Dungeon.
             The game lasted 00:04:41 (2558 turns).

dtburroughs the Chopper (Minotaur Berserker)        Turns: 2558, Time: 00:04:42

Health: -2/41      AC: 12    Str: 21    XL:     4   Next: 27%
Magic:  3/3        EV:  7    Int:  5    God:    Trog [**....]
Gold:   139        SH:  0    Dex: 10    Spells: 3/3 levels left

rFire    . . .     SeeInvis .   a - +0 hand axe
rCold    . . .     Faith    .   (no shield)
rNeg     . . .     Spirit   .   p - +0 plate armour
rPois    .         Reflect  .   (helmet restricted)
rElec    .         Harm     .   (no cloak)
rCorr    .         Rampage  .   n - +0 pair of gloves
Will     .....                  (no boots)
Stlth    ..........             (no amulet)
HPRegen  0.13/turn              (no ring)
MPRegen  0.08/turn              (no ring)

@: no status effects
A: retaliatory headbutt, horns 2
a: Renounce Religion, Berserk, Trog's Hand


You were on level 3 of the Dungeon.
You worshipped Trog.
Trog was pleased with you.
You visited 1 branch of the dungeon, and saw 3 of its levels.

You collected 139 gold pieces.

Inventory:

Hand Weapons
 a - a +0 hand axe (weapon)
Armour
 d - a cursed -1 leather armour
 k - a +0 ring mail
 n - a +0 pair of gloves (worn)
 p - a +0 plate armour (worn)
Jewellery
 f - an uncursed ring of protection from cold {unknown}
 s - a +4 ring of evasion {unknown}
 t - an uncursed ring of poison resistance {unknown}
Scrolls
 b - a scroll of noise {unknown}
 c - 2 scrolls of blinking {unknown}
 e - 3 scrolls of identify {unknown}
 i - a scroll of random uselessness {unknown}
 j - 2 scrolls of remove curse {unknown}
 r - a scroll of enchant weapon {unknown}
 u - a scroll of enchant armour {unknown}
Potions
 g - a potion of magic {unknown}
 h - a potion of haste {unknown}
 l - a potion of flight {unknown}
 m - a potion of brilliance {unknown}
 o - a potion of cancellation {unknown}
 q - a potion of curing {unknown}


   Skills:
 + Level 4.4 Fighting
 + Level 4.4 Axes
 + Level 3.4 Armour
 + Level 3.1 Dodging


You had 3 spell levels left.
You didn't know any spells.
Your spell library was empty.

Dungeon Overview and Level Annotations

Branches:
Dungeon (3/15)

Altars:
Ashenzari
Fedhas
Qazlal
Ru
Trog
Vehumet

Annotations:
D:3 Crazy Yiuf


Innate Abilities, Weirdness & Mutations

You reflexively headbutt those who attack you in melee.
You have a pair of horns on your head.


Message History

Could not explore, unopened runed door.
You open the door.
Your plate armour prevents you from hitting Crazy Yiuf.
Crazy Yiuf hits you with a +4 quarterstaff of chaos.
You closely miss Crazy Yiuf. You headbutt Crazy Yiuf.
Crazy Yiuf is lightly wounded.
Crazy Yiuf hits you with a +4 quarterstaff of chaos.
You hit Crazy Yiuf but do no damage.
Crazy Yiuf is lightly wounded.
Crazy Yiuf screams, "Snower!
Powder rumpyflump head."
Crazy Yiuf hits you with a +4 quarterstaff of chaos!
You barely miss Crazy Yiuf. You headbutt Crazy Yiuf!
Crazy Yiuf is severely wounded.
Crazy Yiuf says, "Two chair Hive!"
Crazy Yiuf hits you with a +4 quarterstaff of chaos!
You hit Crazy Yiuf.
Crazy Yiuf is severely wounded.
Crazy Yiuf hits you with a +4 quarterstaff of chaos.
You are electrocuted!
You die...

###..........##...............#.#
#..........##................_.
###...........................#.#
........################.........
........# #......... ........#
#......... ........#### ###
##...#.#.. ...........## ###..)#
#........ ..........P.####@g...#
#......## ..........P..#..##...#
#......# .....#......#.### ###
####...## ####.#..#######
#...#..### ...#.#..# #......)..
........################.........
.................................
...............[.................
..........................#......


You could see Crazy Yiuf.

Vanquished Creatures
  Natasha (D:2)
  An adder (D:2)
  A leopard gecko (D:1)
  2 giant cockroaches (D:3)
  6 goblins
  14 hobgoblins
  3 jackals (D:2)
  A quokka (D:2)
  2 frilled lizards
  9 kobolds
  6 rats
46 creatures vanquished.

Notes
Turn   | Place    | Note
-------+----------+-------------------------------------------
     0 | D:1      | dtburroughs the Minotaur Berserker began the quest for the
                  | Orb.
     0 | D:1      | Reached XP level 1. HP: 19/19 MP: 0/0
   186 | D:1      | Reached XP level 2. HP: 27/27 MP: 1/1
   607 | D:1      | Reached ** piety under Trog
   906 | D:2      | Reached XP level 3. HP: 31/33 MP: 2/2
   994 | D:2      | Found a blossoming altar of Fedhas.
  1051 | D:2      | Found a sacrificial altar of Ru.
  1361 | D:2      | Noticed Natasha
  1379 | D:2      | Killed Natasha
  1380 | D:2      | Reached XP level 4. HP: 18/41 MP: 3/3
  1578 | D:2      | Found a radiant altar of Vehumet.
  1579 | D:2      | Found a stormy altar of Qazlal.
  1771 | D:3      | Found a broken altar of Ashenzari.
  1789 | D:3      | Found a bloodstained altar of Trog.
  2136 | D:3      | Found a runed translucent door.
  2137 | D:3      | Noticed Crazy Yiuf
  2558 | D:3      | Slain by Crazy Yiuf

Illustrated notes

Levels and vault maps discovered:
D:1:      psy_arrival_whirlpool, layout_basic, minmay_pentomino_p2
D:2:      layout_rooms, nicolae_overflow_hidden_temple,
          nicolae_ru_sacrificial_ziggurat, uniq_natasha
D:3:      wad_lake_hut, layout_basic, lemuel_crystal_altar,
          lemuel_coloured_pillars_altar, grunt_decor_one_mirror,
          uniq_crazy_yiuf_cottage

Skill      XL: |  1  2  3 |
---------------+----------+-----
Fighting       | 4 |  4.4
Axes           | 4 |  4.4
Armour         | 3 |  3.4
Dodging        | 3 |  3.1

Action                   |  1- 3 |  4- 6 || total
-------------------------+-------+-------++-------
Melee: Hand axe          |    68 |    22 ||    90
       Headbutt          |    15 |     6 ||    21
Armor: Animal skin       |     5 |       ||     5
       Ring mail         |    15 |       ||    15
       Plate armour      |     7 |    14 ||    21
Dodge: Dodged            |    42 |     4 ||    46
